 Dungeon Crawl Stone Soup version 0.22-a0-192-g6ffc940 (webtiles) character file.

10 4thArraOfDagon the Scratcher (level 2, 0/13 HPs)
             Began as a Felid Wanderer on Feb 16, 2018.
             Slain by an orc
             ... wielding a +0 flail
              (10 damage)
             ... on level 4 of the Dungeon.
             The game lasted 00:02:18 (482 turns).

4thArraOfDagon the Scratcher (Felid Wanderer)        Turns: 482, Time: 00:02:18

Health: 0/13       AC:  1    Str:  5    XL:     2   Next: 10%
Magic:  4/4        EV: 15    Int: 15    God:
Gold:   7          SH:  0    Dex: 16    Spells: 3/3 levels left
                                        Lives:  0   Deaths: 0

rFire    . . .     SeeInvis +     - Unarmed
rCold    . . .     Gourm    .   (shield unavailable)
rNeg     . . .     Faith    .   (armour unavailable)
rPois    .         Spirit   .   (helmet unavailable)
rElec    .         Reflect  .   (cloak unavailable)
rCorr    +         Harm     .   (gloves unavailable)
MR       .....                  (boots unavailable)
Stlth    +++.......             (no amulet)
HPRegen  0.04/turn              e - ring of resist corrosion
MPRegen  0.09/turn              (no ring)

@: quick
A: very small, no armour, no weapons or thrown items, stealth, claws 1, fangs 3,
see invisible, carnivore, speed 1, shaggy fur 1, slow metabolism 1, sharp paws
a: no special abilities


You were on level 4 of the Dungeon.
You were not hungry.

You visited 1 branch of the dungeon, and saw 4 of its levels.

You collected 7 gold pieces.

Inventory:

Jewellery
 e - a ring of resist corrosion (left paw)
Scrolls
 a - a scroll of blinking
 b - 2 scrolls of fear
 c - 2 scrolls of teleportation
Potions
 d - a potion of lignification
Comestibles
 f - 3 rations


   Skills:
 - Level 2.0 Fighting
 - Level 2.6 Stealth
 * Level 2.8 Unarmed Combat
 - Level 1.0 Spellcasting
   Level 1.5 Hexes
   Level 1.5 Translocations
   Level 1.1 Evocations


You had 3 spell levels left.
You didn't know any spells.

Dungeon Overview and Level Annotations

Branches:
Dungeon (4/15)
 Temple: D:4-7

Altars:
Ashenzari
Fedhas
Ru

Annotations:
D:2 Sigmund


Innate Abilities, Weirdness & Mutations

You cannot wear armour.
You are incapable of wielding weapons or throwing items.
Your paws allow you to move quietly. (Stealth)
You have sharp claws.
You have razor-sharp teeth.
You have supernaturally acute eyesight. (SInv)
You are carnivorous and can eat meat at any time.
You cover ground quickly.
You are covered in fur. (AC +1)
You have a slow metabolism.
Your sharp claws are effective at attacking unaware monsters.


Message History

There is a stone staircase leading down here.
You climb downwards.
An iguana, a worm and an orc come into view.
There is a stone staircase leading up here.
A hound comes into view.
Found 16 gold pieces and a scroll labeled KIFOH DEHOLY.
Unknown command.
Found 8 gold pieces.
Unknown command.
Unknown command.
Found 30 stones.
Found 7 gold pieces.
You see here 7 gold pieces.
You now have 7 gold pieces.
Unknown command.
Unknown command.
The orc closely misses you. The orc hits you with a flail!
Ouch! That really hurt!
You die...

######### #.......#
####.#### #..
#...o..+ #.#####
####@####.. #......
#.# #h.. #......
#.# #.. ##......
#.# #.##.......
#.###.##.w........
#...........<.....
#.###.####.#......
#.# #.....$.......
##.###.####.#......


You could see an orc.

Vanquished Creatures
  3 orcs (D:3)
  A hobgoblin (D:2)
  A bat (D:2)
  2 frilled lizards
  A kobold (D:2)
8 creatures vanquished.

Notes
Turn   | Place    | Note
-------+----------+-------------------------------------------
     0 | D:1      | 4thArraOfDagon the Felid Wanderer began the quest for the Orb.
     0 | D:1      | 4thArraOfDagon set off with: a scroll of blinking, a scroll of fear, a scroll of teleportation, a potion of lignification, a ration
     0 | D:1      | Reached XP level 1. HP: 9/9 MP: 3/3
    60 | D:2      | Found a sacrificial altar of Ru.
    86 | D:2      | Noticed a sky beast
    89 | D:2      | Found a transporter.
    97 | D:2      | Noticed Sigmund
   119 | D:2      | Found a transporter.
   124 | D:2      | Noticed an orc warrior
   129 | D:2      | Noticed a scorpion
   145 | D:2      | Found a shattered altar of Ashenzari.
   317 | D:3      | Noticed an orc priest
   367 | D:3      | Found a blossoming altar of Fedhas.
   424 | D:3      | Reached XP level 2. HP: 12/13 MP: 4/4
   482 | D:4      | Slain by an orc

Vault maps used:
D:1:      nicolae_arrival_washed_ashore
D:2:      gammafunk_temple_overflow_arena, nicolae_overflow_crystal_walls,
          makhleb_altar_promises_db, uniq_sigmund
D:3:      nicolae_dithmenos_through_a_glass_darkly, fedhas_altar_fruit_tree,
          first_ration
D:4:      okawaru_ov_weapons_minmay, marbit_many_paths,
          minmay_temple_entry_overgrown, st_stairs_9, item_on_display_a,
          uniq_grinder, uniq_blork_the_orc, uniq_eustachio, uniq_natasha

Action                   || total
-------------------------++-------
Melee: Unarmed           ||    28
       Punch             ||     1
       Bite              ||     1
  Use: Scroll            ||     2
       Potion            ||     1
 Stab: Sleeping          ||     1
  Eat: Chunk             ||     1
Armor: Skin              ||     4
Dodge: Dodged            ||    29

Table legend:
 A = Spawn XP
 B = Non-spawn XP
 C = Spawn XP percentage of total XP
 D = Spawn monster count
 E = Non-spawn monster count
 F = Spawn count percentage of total count
 G = Total turns spent on level
                    A         B        C        D         E        F      G
               +---------+---------+-------+---------+---------+-------+---------
         Total |       0 |      15 |   0.0 |       0 |       8 |   0.0 |   482
               +---------+---------+-------+---------+---------+-------+---------
           D:1 |       0 |       1 |   0.0 |       0 |       1 |   0.0 |    59
           D:2 |       0 |       5 |   0.0 |       0 |       4 |   0.0 |   252
           D:3 |       0 |       9 |   0.0 |       0 |       3 |   0.0 |   136
               +---------+---------+-------+---------+---------+-------+---------
